TOP OF THE 1ST |
Hickory Crawdads batting - Pitching for Cedar Rapids Kernels : RHP Dean Huch
|
Pitching: RHP Dean Huch
|
|
Batting: RHB Aaron Moore
|
0-0: Foul Ball, location: 2F 0-1: Ball 1-1: Ground out 6-3 (Groundball, 6, EV 99.4 MPH)
|
Batting: LHB Brian Gray
|
0-0: Foul Ball, location: 2F 0-1: Ball 1-1: Ball 2-1: Foul Ball, location: 2F 2-2: Ball 3-2: Ground out 4-3 (Groundball, 4, EV 106.2 MPH)
|
Batting: RHB Matthew Starr
|
0-0: Ball 1-0: Ball 2-0: Foul Ball, location: 2F 2-1: Foul Ball, location: 2F 2-2: Strikes out looking
|
Top of the 1st over - 0 runs, 0 hits, 0 errors, 0 left on base; Hickory 0 - Cedar Rapids 0 |
BOTTOM OF THE 1ST |
Cedar Rapids Kernels batting - Pitching for Hickory Crawdads : RHP Erik Sever
|
Pitching: RHP Erik Sever
|
|
Batting: LHB Brian Wagner
|
0-0: Called Strike 0-1: Foul Ball, location: 2F 0-2: Ball 1-2: Ball 2-2: Strikes out swinging
|
Batting: RHB Kevin Harris
|
0-0: Called Strike 0-1: Ball 1-1: Swinging Strike 1-2: Ball 2-2: Strikes out swinging
|
Batting: LHB Kuemon Shishido
|
0-0: Ball 1-0: Called Strike 1-1: Swinging Strike 1-2: Foul Ball, location: 2F 1-2: Ball 2-2: Strikes out looking
|
Bottom of the 1st over - 0 runs, 0 hits, 0 errors, 0 left on base; Hickory 0 - Cedar Rapids 0 |
TOP OF THE 2ND |
Hickory Crawdads batting - Pitching for Cedar Rapids Kernels : RHP Dean Huch
|
Batting: RHB Dermott Neill
|
0-0: Swinging Strike 0-1: Ball 1-1: Swinging Strike 1-2: Strikes out swinging, 2-3 out at first.
|
Batting: RHB Jarrod Joyce
|
0-0: Called Strike 0-1: Ball 1-1: Foul Ball, location: 2F 1-2: Ball 2-2: Foul Ball, location: 2F 2-2: Foul Ball, location: 2F 2-2: Fly out, F7 (Flyball, 7S, EV 75.0 MPH)
|
Batting: RHB Salvador Caldera
|
0-0: Fly out, F8 (Flyball, 8LD, EV 86.2 MPH)
|
Top of the 2nd over - 0 runs, 0 hits, 0 errors, 0 left on base; Hickory 0 - Cedar Rapids 0 |
BOTTOM OF THE 2ND |
Cedar Rapids Kernels batting - Pitching for Hickory Crawdads : RHP Erik Sever
|
Batting: LHB Shaun Price
|
0-0: Swinging Strike 0-1: Called Strike 0-2: Strikes out swinging
|
Batting: LHB Marvin Shepherd
|
0-0: Ball 1-0: Ball 2-0: Called Strike 2-1: Foul Ball, location: 2F 2-2: Ball 3-2: Ground out 6-3 (Groundball, 6, EV 79.4 MPH)
|
Batting: RHB Nate Matson
|
0-0: Fly out, F7 (Line Drive, 7, EV 90.6 MPH)
|
Bottom of the 2nd over - 0 runs, 0 hits, 0 errors, 0 left on base; Hickory 0 - Cedar Rapids 0 |
TOP OF THE 3RD |
Hickory Crawdads batting - Pitching for Cedar Rapids Kernels : RHP Dean Huch
|
Batting: RHB Zach Thomason
|
0-0: Called Strike 0-1: Called Strike 0-2: Ball 1-2: Strikes out swinging
|
Batting: RHB Zach Koblinski
|
0-0: Foul Ball, location: 2F 0-1: Ball 1-1: Ball 2-1: Swinging Strike 2-2: Ball 3-2: Base on Balls
|
Batting: RHB Dave Brabo
|
0-0: Ball 1-0: Called Strike 1-1: Called Strike 1-2: Fly out, F9 (Flyball, 8RS, EV 87.5 MPH)
|
Batting: RHB Aaron Moore
|
0-0: Ball Zach Koblinski steals 2nd base 1-0: SINGLE (Groundball, 56S, EV 66.2 MPH) (infield hit) Zach Koblinski to third
|
Batting: LHB Brian Gray
|
0-0: Foul Ball, location: 2F 0-1: Foul Ball, location: 2F 0-2: Ball 1-2: Ball 2-2: SINGLE (Line Drive, 4D, EV 97.5 MPH) Zach Koblinski scores Aaron Moore to second Runner from 2nd tries for 3rd, SAFE, throw by CF made to third
|
Batting: RHB Matthew Starr
|
0-0: Foul Ball, location: 2F 0-1: Foul Ball, location: 2F 0-2: Fly out, F9 (Flyball, 89M, EV 79.4 MPH)
|
Top of the 3rd over - 1 run, 2 hits, 0 errors, 2 left on base; Hickory 1 - Cedar Rapids 0 |
BOTTOM OF THE 3RD |
Cedar Rapids Kernels batting - Pitching for Hickory Crawdads : RHP Erik Sever
|
Batting: RHB Tim Carter
|
0-0: Called Strike 0-1: Ball 1-1: SINGLE (Line Drive, 56D, EV 96.2 MPH)
|
Batting: RHB Andrew Rich
|
0-0: Called Strike Tim Carter steals 2nd, throwing error, E2 Tim Carter to third 0-1: Ball 1-1: Called Strike 1-2: Ball 2-2: Ball 3-2: SINGLE (Groundball, 34D, EV 95.6 MPH) Tim Carter scores
|
Batting: RHB Dave Berry
|
0-0: Ball 1-0: Ball 2-0: SINGLE (Groundball, 34S, EV 63.8 MPH) (infield hit) Andrew Rich to second
|
Batting: LHB Brian Wagner
|
0-0: Called Strike 0-1: Called Strike 0-2: Strikes out looking
|
Batting: RHB Kevin Harris
|
0-0: Ball 1-0: Ball 2-0: Fly out, F9 (Flyball, 9LD, EV 86.9 MPH) Runner from 2nd tags up, SAFE at 3rd, no throw by RF
|
Batting: LHB Kuemon Shishido
|
0-0: Ball 1-0: 3-RUN HOME RUN (Flyball, 9LD, EV 95.0 MPH), Distance : 348 ft
|
Batting: LHB Shaun Price
|
0-0: Called Strike 0-1: Foul Ball, location: 2F 0-2: Foul Ball, location: 2F 0-2: Foul Ball, location: 2F 0-2: Foul Ball, location: 2F 0-2: Ball 1-2: Fly out, F9 (Line Drive, 9, EV 93.1 MPH)
|
Bottom of the 3rd over - 4 runs, 4 hits, 1 error, 0 left on base; Hickory 1 - Cedar Rapids 4 |
TOP OF THE 4TH |
Hickory Crawdads batting - Pitching for Cedar Rapids Kernels : RHP Dean Huch
|
Batting: RHB Dermott Neill
|
0-0: Ball 1-0: Ball 2-0: Foul Ball, location: 2F 2-1: Foul Ball, location: 2F 2-2: Ball 3-2: DOUBLE (Line Drive, 3D, EV 101.2 MPH)
|
Batting: RHB Jarrod Joyce
|
0-0: Called Strike 0-1: Swinging Strike 0-2: Strikes out swinging
|
Batting: RHB Salvador Caldera
|
0-0: Foul Ball, location: 2F 0-1: Swinging Strike 0-2: Fly out, F3 (Popup, 34, EV 75.0 MPH)
|
Batting: RHB Zach Thomason
|
0-0: Ball 1-0: Ball 2-0: Ball 3-0: Foul Ball, location: 2F 3-1: SINGLE (Groundball, 6D, EV 95.0 MPH) Dermott Neill to third Runner from 3rd tries for Home, SAFE, throw by LF to home
|
Batting: RHB Zach Koblinski
|
0-0: Ball Passed Ball! Zach Thomason to second 1-0: SINGLE (Groundball, P, EV 83.8 MPH) (infield hit) Zach Thomason to third
|
Batting: RHB Dave Brabo
|
0-0: Called Strike 0-1: Fly out, F6 (Line Drive, 56D, EV 70.0 MPH)
|
Top of the 4th over - 1 run, 3 hits, 0 errors, 2 left on base; Hickory 2 - Cedar Rapids 4 |
BOTTOM OF THE 4TH |
Cedar Rapids Kernels batting - Pitching for Hickory Crawdads : RHP Erik Sever
|
Batting: LHB Marvin Shepherd
|
0-0: Ball 1-0: Ground out 1-3 (Groundball, 34S, EV 65.6 MPH)
|
Batting: RHB Nate Matson
|
0-0: Called Strike 0-1: Ground out 6-3 (Groundball, 6, EV 81.2 MPH)
|
Batting: RHB Tim Carter
|
0-0: Ground out 1-3 (Groundball, 34S, EV 69.4 MPH)
|
Bottom of the 4th over - 0 runs, 0 hits, 0 errors, 0 left on base; Hickory 2 - Cedar Rapids 4 |
TOP OF THE 5TH |
Hickory Crawdads batting - Pitching for Cedar Rapids Kernels : RHP Dean Huch
|
Batting: RHB Aaron Moore
|
0-0: Ball 1-0: Foul Ball, location: 2F 1-1: DOUBLE (Groundball, 5L, EV 110.6 MPH)
|
Batting: LHB Brian Gray
|
0-0: Called Strike 0-1: Foul Ball, location: 2F 0-2: Foul Ball, location: 2F 0-2: Ball 1-2: Ball 2-2: Ball 3-2: Strikes out swinging
|
Batting: RHB Matthew Starr
|
0-0: Called Strike 0-1: Ball 1-1: Ball 2-1: Ground out U3 (Groundball, 34S, EV 89.4 MPH) Aaron Moore to third
|
Batting: RHB Dermott Neill
|
0-0: Called Strike 0-1: Called Strike 0-2: Ball 1-2: Foul Ball, location: 2F 1-2: Ball 2-2: Fly out, F7 (Line Drive, 7S, EV 93.8 MPH)
|
Top of the 5th over - 0 runs, 1 hit, 0 errors, 1 left on base; Hickory 2 - Cedar Rapids 4 |
BOTTOM OF THE 5TH |
Cedar Rapids Kernels batting - Pitching for Hickory Crawdads : RHP Erik Sever
|
Batting: RHB Andrew Rich
|
0-0: Swinging Strike 0-1: Swinging Strike 0-2: Strikes out swinging
|
Batting: RHB Dave Berry
|
0-0: Called Strike 0-1: Ground out 5-3 (Groundball, 56, EV 85.0 MPH)
|
Batting: LHB Brian Wagner
|
0-0: Ball 1-0: Swinging Strike 1-1: Swinging Strike 1-2: Ball 2-2: Strikes out looking
|
Bottom of the 5th over - 0 runs, 0 hits, 0 errors, 0 left on base; Hickory 2 - Cedar Rapids 4 |
TOP OF THE 6TH |
Hickory Crawdads batting - Pitching for Cedar Rapids Kernels : RHP Dean Huch
|
Pitching: RHP Bruce Wight
|
|
Batting: RHB Jarrod Joyce
|
0-0: Called Strike 0-1: Called Strike 0-2: Ball 1-2: Ball 2-2: Strikes out looking
|
Batting: RHB Salvador Caldera
|
0-0: Fly out, F8 (Flyball, 78M, EV 85.0 MPH)
|
Batting: RHB Zach Thomason
|
0-0: Ground out 4-3 (Groundball, 4, EV 100.6 MPH)
|
Top of the 6th over - 0 runs, 0 hits, 0 errors, 0 left on base; Hickory 2 - Cedar Rapids 4 |
BOTTOM OF THE 6TH |
Cedar Rapids Kernels batting - Pitching for Hickory Crawdads : RHP Erik Sever
|
Batting: RHB Kevin Harris
|
0-0: Called Strike 0-1: Ball 1-1: Fly out, F9 (Flyball, 9, EV 86.2 MPH)
|
Batting: LHB Kuemon Shishido
|
0-0: Foul Ball, location: 2F 0-1: Ball 1-1: Called Strike 1-2: Ground out U3 (Groundball, 34, EV 90.0 MPH)
|
Batting: LHB Shaun Price
|
0-0: Ball 1-0: Ball 2-0: Called Strike 2-1: Ground out 4-3 (Groundball, 4, EV 84.4 MPH)
|
Bottom of the 6th over - 0 runs, 0 hits, 0 errors, 0 left on base; Hickory 2 - Cedar Rapids 4 |
TOP OF THE 7TH |
Hickory Crawdads batting - Pitching for Cedar Rapids Kernels : RHP Bruce Wight
|
Batting: RHB Zach Koblinski
|
0-0: Ground out 5-3 (Groundball, 25, EV 81.9 MPH)
|
Pinch Hitting: SHB Quido van Erp
|
0-0: Ball 1-0: Ball 2-0: Called Strike 2-1: Foul Ball, location: 2F 2-2: Strikes out looking
|
Batting: RHB Aaron Moore
|
0-0: Called Strike 0-1: Ball 1-1: Ball 2-1: Ball 3-1: Swinging Strike 3-2: Foul Ball, location: 2F 3-2: Base on Balls
|
Batting: LHB Brian Gray
|
0-0: Ball Aaron Moore is caught stealing 2nd base 2-6
|
Top of the 7th over - 0 runs, 0 hits, 0 errors, 0 left on base; Hickory 2 - Cedar Rapids 4 |
BOTTOM OF THE 7TH |
Cedar Rapids Kernels batting - Pitching for Hickory Crawdads : RHP Erik Sever
|
Now at 3B: Quido van Erp
|
|
Now at SS: Jarrod Joyce
|
|
Batting: LHB Marvin Shepherd
|
0-0: Swinging Strike 0-1: Swinging Strike 0-2: Foul Ball, location: 2F 0-2: Ground out 6-3 (Groundball, 6, EV 103.8 MPH)
|
Batting: RHB Nate Matson
|
0-0: Ball 1-0: Ball 2-0: Foul Ball, location: 2F 2-1: Ball 3-1: Base on Balls
|
Batting: RHB Tim Carter
|
0-0: Ball 1-0: Foul Ball, location: 2F 1-1: Called Strike 1-2: TRIPLE (Groundball, 3L, EV 102.5 MPH) Nate Matson scores
|
Batting: RHB Andrew Rich
|
0-0: Intentional Walk
|
Batting: RHB Dave Berry
|
0-0: Called Strike 0-1: Called Strike 0-2: Strikes out swinging
|
Batting: LHB Brian Wagner
|
0-0: Swinging Strike 0-1: Called Strike 0-2: Ball 1-2: Ball 2-2: Foul Ball, location: 2F 2-2: Ball 3-2: Base on Balls Andrew Rich to second
|
Batting: RHB Kevin Harris
|
0-0: SINGLE (Groundball, 5S, EV 71.2 MPH) (infield hit) Tim Carter scores Andrew Rich to third Brian Wagner to second
|
Pitching: RHP Nick Ehrlich
|
|
Batting: LHB Kuemon Shishido
|
0-0: Foul Ball, location: 2F 0-1: Ball 1-1: Swinging Strike 1-2: Ball 2-2: Ball 3-2: Base on Balls Andrew Rich scores Brian Wagner to third Kevin Harris to second
|
Batting: LHB Shaun Price
|
0-0: Called Strike 0-1: Ball 1-1: Ball 2-1: Foul Ball, location: 2F 2-2: Ball 3-2: Base on Balls Brian Wagner scores Kevin Harris to third Kuemon Shishido to second
|
Batting: LHB Marvin Shepherd
|
0-0: Foul Ball, location: 2F 0-1: Called Strike 0-2: Ball 1-2: Strikes out swinging
|
Bottom of the 7th over - 4 runs, 2 hits, 0 errors, 3 left on base; Hickory 2 - Cedar Rapids 8 |
TOP OF THE 8TH |
Hickory Crawdads batting - Pitching for Cedar Rapids Kernels : RHP Bruce Wight
|
Batting: LHB Brian Gray
|
0-0: Ball 1-0: Called Strike 1-1: Ground out U3 (Groundball, 3, EV 76.2 MPH)
|
Batting: RHB Matthew Starr
|
0-0: Ball 1-0: Ball 2-0: Ball 3-0: Base on Balls
|
Batting: RHB Dermott Neill
|
0-0: Ball 1-0: Called Strike 1-1: Ball 2-1: Foul Ball, location: 2F 2-2: Foul Ball, location: 2F 2-2: Ball 3-2: Base on Balls Matthew Starr to second
|
Pinch Hitting: LHB Tim Olsen
|
0-0: Ball 1-0: SINGLE (Groundball, 34D, EV 102.5 MPH) Matthew Starr to third Dermott Neill to second Runner from 3rd tries for Home, SAFE, throw by RF to home
|
Batting: RHB Salvador Caldera
|
0-0: Ball 1-0: Called Strike 1-1: Called Strike 1-2: Ball 2-2: Ball 3-2: Fly out, F9 (Flyball, 9LD, EV 83.1 MPH) Runner from 2nd tags up, SAFE at 3rd with throw by RF
|
Pitching: RHP Scot Abbott
|
|
Batting: RHB Zach Thomason
|
0-0: Ball 1-0: SINGLE (Groundball, 6D, EV 99.4 MPH) Dermott Neill scores Tim Olsen to second Runner from 2nd tries for 3rd, SAFE, no throw by LF
|
Batting: RHB Zach Koblinski
|
0-0: Foul Ball, location: 2F 0-1: DOUBLE (Line Drive, 3D, EV 98.1 MPH) Tim Olsen scores Zach Thomason to third Runner from 3rd tries for Home, throw by RF and OUT! 9-4-2
|
Top of the 8th over - 3 runs, 3 hits, 0 errors, 1 left on base; Hickory 5 - Cedar Rapids 8 |
BOTTOM OF THE 8TH |
Cedar Rapids Kernels batting - Pitching for Hickory Crawdads : RHP Nick Ehrlich
|
Pitching: RHP Jon Huizenga
|
|
Now at 2B: Aaron Moore
|
|
Now at SS: Zach Thomason
|
|
Now in RF: Tim Olsen
|
|
Batting: RHB Nate Matson
|
0-0: Foul Ball, location: 2F 0-1: Foul Ball, location: 2F 0-2: Strikes out swinging
|
Batting: RHB Tim Carter
|
0-0: Called Strike 0-1: Ball 1-1: Called Strike 1-2: Ground out 5-3 (Groundball, 56S, EV 88.8 MPH)
|
Batting: RHB Andrew Rich
|
0-0: SINGLE (Groundball, 56D, EV 106.2 MPH)
|
Batting: RHB Dave Berry
|
0-0: Called Strike Andrew Rich steals 2nd, throwing error, E2 Andrew Rich to third 0-1: Swinging Strike 0-2: Strikes out swinging
|
Bottom of the 8th over - 0 runs, 1 hit, 1 error, 1 left on base; Hickory 5 - Cedar Rapids 8 |
TOP OF THE 9TH |
Hickory Crawdads batting - Pitching for Cedar Rapids Kernels : RHP Scot Abbott
|
Pitching: RHP Steven Legge
|
|
Batting: SHB Quido van Erp
|
0-0: Ball 1-0: Ball 2-0: Ball 3-0: Fly out, F7 (Flyball, 78XD, EV 100.6 MPH)
|
Batting: RHB Aaron Moore
|
0-0: Foul Ball, location: 2F 0-1: Ground out 5-3 (Groundball, 56S, EV 86.2 MPH)
|
Batting: LHB Brian Gray
|
0-0: Foul Ball, location: 2F 0-1: Ground out U3 (Groundball, 3, EV 90.6 MPH)
|
Top of the 9th over - 0 runs, 0 hits, 0 errors, 0 left on base; Hickory 5 - Cedar Rapids 8 |
|